 Dungeon Crawl Stone Soup version 0.31-a0-83-gbff143cfd1 (webtiles) character file.

Game seed: 10147987528914698394

10027 LobsterGuardian the Grappler (level 11, -2/106 HPs)
             Began as a Gnoll Transmuter on May 24, 2023.
             Was an Elder of Ashenzari.
             Killed from afar by an electric eel (14 damage)
             ... with a bolt of electricity
             ... on level 11 of the Dungeon.
             The game lasted 00:50:37 (9764 turns).

LobsterGuardian the Grappler (Gnoll Transmuter)     Turns: 9764, Time: 00:50:38

Health: -2/106     AC:  7    Str: 20    XL:     11   Next: 55%
Magic:  22/25      EV: 14    Int: 13    God:    Ashenzari [****..]
Gold:   556        SH:  0    Dex: 18    Spells: 6/30 levels left

rFire   x . .        l - melded +1 dagger of the Eye in the Sky {venom, Cun, Comp} (curse)
rCold   + + +        (shield currently unavailable)
rNeg    . . .        o - melded +1 troll leather armour "Lashed Scepticism" {Regen+, Pargi, Comp, Bglg} (curse)
rPois   +            w - melded +0 helmet of the Visionary Shame {Self, Bglg} (curse)
rElec   .            (cloak currently unavailable)
rCorr   .            (gloves currently unavailable)
SInv    +            (boots currently unavailable)
Will    .....        c - amulet "Tethered With Me" {Faith, Alch, Melee} (curse)
Stlth   ++++         q - ring of the Wild Blue Yonder {Dex+6, Evo, Melee} (curse)
HPRegen 0.37/turn    A - ring "Optimism of Ashenzari" {Str+6, Bglg, Self} (curse)
MPRegen 0.19/turn

%: clarity, faith
@: about to teleport, ice-form
A: freezing attack, amphibious, boosted hp, large, (fangs 1), strong nose,
distributed training
a: End Transformation, Renounce Religion, Curse Item, Shatter the Chains


You were on level 11 of the Dungeon.
You worshipped Ashenzari.
Ashenzari was greatly pleased with you.
You were a creature of crystalline ice.
You visited 1 branch of the dungeon, and saw 11 of its levels.
You also visited: Sewer and Bailey.

You collected 556 gold pieces.

Inventory:

Hand Weapons
 l - the cursed +1 dagger of the Eye in the Sky (melded) {venom, Cun, Comp}
   (You took it off a kobold in a sewer)

   It has a curse which improves the following skills: Cunning: Dodging and
   Stealth.
   Companions: Summonings and Necromancy.
 C - a +4 dagger
Armour
 o - the cursed +1 troll leather armour "Lashed Scepticism" (melded) {Regen+, Pargi, Comp, Bglg}
   (You found it in a sewer)

   Regen:     It increases your rate of health regeneration.
   It has a curse which improves the following skills: Companions: Summonings
   and Necromancy.
   Beguiling: Conjurations, Hexes and Translocations.
 w - the cursed +0 helmet of the Visionary Shame (melded) {Self, Bglg}
   (You found it on level 4 of the Dungeon)

   It has a curse which improves the following skills: Introspection: Fighting
   and Spellcasting.
   Beguiling: Conjurations, Hexes and Translocations.
Jewellery
 c - the cursed amulet "Tethered With Me" (around neck) {Faith, Alch, Melee}
   (You found it on level 2 of the Dungeon)

   [amulet of faith]

   It allows you to gain divine favour quickly.
   It has a curse which improves the following skills: Alchemy: Poison Magic and
   Transmutations.
   Melee Combat: Short Blades, Long Blades, Axes, Maces & Flails, Polearms,
   Staves and Unarmed Combat.
 q - the cursed ring of the Wild Blue Yonder (left front paw) {Dex+6, Evo, Melee}
   (You found it on level 3 of the Dungeon)

   [ring of dexterity]

   Dex:       It affects your dexterity (+6).
   It has a curse which improves the following skills: Evocations: Evocations.
   Melee Combat: Short Blades, Long Blades, Axes, Maces & Flails, Polearms,
   Staves and Unarmed Combat.
 u - a ring of see invisible
 A - the cursed ring "Optimism of Ashenzari" (right front paw) {Str+6, Bglg, Self}
   (You found it on level 8 of the Dungeon)

   [ring of strength]

   Str:       It affects your strength (+6).
   It has a curse which improves the following skills: Beguiling: Conjurations,
   Hexes and Translocations.
   Introspection: Fighting and Spellcasting.
 D - a ring of poison resistance
Wands
 e - a wand of polymorph (13)
 y - a wand of digging (4)
 F - a wand of acid (4)
Scrolls
 f - 2 scrolls of enchant armour
 j - 6 scrolls of teleportation
 p - a scroll of blinking
 r - a scroll of amnesia
 s - 2 scrolls of poison
 t - a scroll of torment
 v - 3 scrolls of fog
 x - 2 scrolls of magic mapping
 B - a scroll of fear
Potions
 a - a potion of cancellation
 b - 2 potions of lignification
 d - a potion of magic
 g - 2 potions of mutation
 h - 2 potions of enlightenment
 i - 4 potions of haste
 k - a potion of brilliance
 m - a potion of degeneration
 z - 2 potions of curing
 E - a potion of might
Miscellaneous
 n - a tin of tremorstones (2/2)


   Skills:
 + Level 7.2(9.1) Fighting
 + Level 6.6(9.4) Short Blades
 + Level 6.6(9.4) Long Blades
 + Level 6.6(9.4) Axes
 + Level 6.6(9.4) Maces & Flails
 + Level 6.6(9.4) Polearms
 + Level 6.6(9.4) Staves
 + Level 6.6 Ranged Weapons
 + Level 6.6 Throwing
 + Level 6.6 Armour
 + Level 8.1 Dodging
 + Level 6.6 Stealth
 + Level 6.6 Shields
 + Level 9.4(12.1) Unarmed Combat
 + Level 8.4(10.3) Spellcasting
 + Level 5.5(7.3) Conjurations
 + Level 5.5(7.3) Hexes
 + Level 5.5 Summonings
 + Level 5.5 Necromancy
 + Level 5.5(7.3) Translocations
 + Level 6.8(8.7) Transmutations
 + Level 5.5 Fire Magic
 + Level 5.5 Ice Magic
 + Level 5.5 Air Magic
 + Level 5.5 Earth Magic
 + Level 5.5(7.3) Poison Magic
 + Level 7.3 Invocations
 + Level 6.6(8.5) Evocations


You had 6 spell levels left.
You knew the following spells:

 Your Spells              Type           Power      Damage    Failure   Level
a - Beastly Appendage     Tmut           58%        N/A       1%          1
b - Wereblood             Tmut           29%        N/A       1%          2
c - Spider Form           Tmut/Pois      24%        N/A       1%          3
d - Ice Form              Ice/Tmut       21%        N/A       10%         4
e - Swiftness             Air            21%        N/A       3%          3
f - Ensorcelled Hibernat  Hex/Ice        40%        N/A       1%          2
g - Passwall              Tmut/Erth      17%        N/A       1%          2
h - Iskenderun's Mystic   Conj/Tloc      22%        2d6       9%          4
i - Teleport Other        Tloc           25%        N/A       1%          3

Your spell library contained the following spells:

 Spells                   Type           Power      Damage    Failure   Level
 Apportation              Tloc           50%        N/A       1%          1
 Necrotise                Necr           84%        1d8       1%          1
 Sandblast                Erth           42%        2d11      1%          1
 Summon Small Mammal      Summ           84%        N/A       1%          1
 Lesser Beckoning         Tloc           50%        N/A       1%          2
 Gell's Gravitas          Tloc           25%        N/A       1%          3
 Dazzling Flash           Conj/Hex       44%        N/A       2%          3
 Stone Arrow              Conj/Erth      40%        3d9       4%          3
 Volatile Blastmotes      Fire/Tloc      40%        2d13      4%          3
 Starburst                Conj/Fire      10%        6d5       90%         6


Dungeon Overview and Level Annotations

Branches:
Dungeon (11/15)            Temple (0/1) D:7            Lair (0/5) D:11
    Orc (0/2) D:9           Sewer (visited)          Bailey (visited)

Altars:
Ashenzari
Makhleb
Sif Muna
Yredelemnul

Shops:
D:9 (


Innate Abilities, Weirdness & Mutations

You are a creature of crystalline ice.
You have a powerful freezing melee attack.
You are amphibious.
Your maximum health is increased.
Your armour is entirely melded.
You are incapable of wielding weapons or throwing items.
((You have very sharp teeth.))
Your uncanny sense of smell can sniff out nearby items.
Your experience applies equally to all skills.


Message History

The bolt of electricity hits the electric eel.
The electric eel completely resists.
The electric eel shoots out a bolt of lightning at you!
The bolt of electricity hits you.
The electric eel shoots out a bolt of lightning at you!
The bolt of electricity hits the electric eel.
The electric eel completely resists.
The bolt of electricity hits you!
You are too injured to fight recklessly!
Unknown command.
You punch the electric eel!
The electric eel seems to slow down.
You freeze the electric eel.
The electric eel is heavily wounded.
Unknown command.
You pummel the electric eel!!
The electric eel seems to slow down.
You freeze the electric eel.
You kill the electric eel!
You hear a splash.
The electric eel shoots out a bolt of lightning at you!
The bolt of electricity misses you.
The electric eel shoots out a bolt of lightning at you!
The bolt of electricity misses you. The bolt of electricity hits you!
The bolt of electricity hits the electric eel.
The electric eel completely resists.
You barely miss the electric eel.
The electric eel shoots out a bolt of lightning at you!
The bolt of electricity hits you!
* * * LOW HITPOINT WARNING * * *
The electric eel shoots out a bolt of lightning at you!
The bolt of electricity misses you. The bolt of electricity hits you!
* * * LOW HITPOINT WARNING * * *
The bolt of electricity hits the electric eel.
The electric eel completely resists.
Okay, then.
As you read the scroll of teleportation, it crumbles to dust.
You feel strangely unstable.
The electric eel shoots out a bolt of lightning at you!
The bolt of electricity hits you!
* * * LOW HITPOINT WARNING * * *
The bolt of electricity hits you!
You die...

***, #.
##...##.###.##.# #. *
# ##.###....>##.# #.
, *
.####.##########.# #.
* ......# #<# #. * ,
,, ≈≈≈≈.# #.# #. , ,
~ #≈≈.# #.# ##. , , ,
#≈.# ###.####.. , * ~
*##≈.#######.........
** ,
#≈SY........#.####..
*
*.≈≈≈≈≈S.#########.#
##. *........#*
#.#####. * *
####...<.,
######....... #.##..
.........##### ~ ,
#.*#.#.########.# , #
#.#.* #.# ,, * #.#.#
#.# * * , #.#


You could see 2 electric eels.

Vanquished Creatures
  3 two-headed ogres
  A deep elf pyromancer (D:8)
  Grinder (D:4)
  A hornet (D:9)
  Prince Ribbit (D:7)
  3 shadows
  6 spriggans (Bailey)
  A yak (D:9)
  4 wyverns
  A steam dragon (Bailey)
  Grum (D:9)
  Menkaure (D:7)
  2 acid dragons
  4 orc warriors
  2 sky beasts (D:7)
  Pargi (Sewer)
  A black bear (D:6)
  7 ogres
  3 wolves (D:9)
  6 centaurs
  2 kobold brigands (D:9)
  2 phantoms (D:6)
  4 gnoll sergeants
  3 scorpions
  9 wights (D:9)
  A vampire bat (D:4)
  An electric eel (D:11)
  3 howler monkeys
  2 jellies
  2 hounds
  A gnoll bouda (D:9)
  2 iguanas
  5 sleepcaps
  11 orc wizards
  13 adders
  25 gnolls
  A river rat (D:3)
  A white imp (D:7)
  4 ufetubi
  2 worms
  3 dart slugs (D:1)
  3 fire bats (D:4)
  39 orcs
  A spectral bat (D:4)
  3 bat skeletons (D:4)
  A bat zombie (D:4)
  6 endoplasms
  4 giant cockroaches
  5 goblins
  11 hobgoblins
  9 jackals
  3 quokkas
  10 ball pythons
  15 bats
  A bat simulacrum (D:4)
  5 frilled lizards
  11 kobolds
  15 rats
289 creatures vanquished.

Vanquished Creatures (others)
  A spectral bat (D:4)
1 creature vanquished.

Grand Total: 290 creatures vanquished

Notes
Turn   | Place    | Note
-------+----------+-------------------------------------------
     0 | D:1      | LobsterGuardian the Gnoll Transmuter began the quest for
                  | the Orb.
     0 | D:1      | Reached XP level 1. HP: 17/17 MP: 6/6
   112 | D:1      | Reached XP level 2. HP: 23/23 MP: 5/7
   115 | D:1      | Learned a level 2 spell: Wereblood
   370 | D:1      | Reached skill level 5 in Spellcasting
   370 | D:1      | Reached XP level 3. HP: 23/28 MP: 7/9
   695 | D:1      | Reached skill level 1 in Invocations
   699 | D:1      | Learned a level 3 spell: Spider Form
   870 | D:2      | Found a broken altar of Ashenzari.
   888 | D:2      | Became a worshipper of Ashenzari the Shackled
   919 | D:2      | Reached skill level 1 in Short Blades
   919 | D:2      | Reached skill level 1 in Long Blades
   919 | D:2      | Reached skill level 1 in Axes
   919 | D:2      | Reached skill level 1 in Maces & Flails
   919 | D:2      | Reached skill level 1 in Polearms
   919 | D:2      | Reached skill level 1 in Staves
   919 | D:2      | Reached skill level 1 in Ranged Weapons
   919 | D:2      | Reached skill level 1 in Throwing
   919 | D:2      | Reached skill level 1 in Armour
   919 | D:2      | Reached skill level 1 in Stealth
   919 | D:2      | Reached skill level 1 in Shields
   919 | D:2      | Reached skill level 1 in Evocations
  1322 | D:2      | Reached XP level 4. HP: 30/34 MP: 9/11
  1565 | D:2      | Reached skill level 1 in Conjurations
  1565 | D:2      | Reached skill level 1 in Hexes
  1565 | D:2      | Reached skill level 1 in Summonings
  1565 | D:2      | Reached skill level 1 in Necromancy
  1565 | D:2      | Reached skill level 1 in Translocations
  1565 | D:2      | Reached skill level 1 in Fire Magic
  1565 | D:2      | Reached skill level 1 in Ice Magic
  1565 | D:2      | Reached skill level 1 in Air Magic
  1565 | D:2      | Reached skill level 1 in Earth Magic
  1565 | D:2      | Reached skill level 1 in Poison Magic
  2039 | D:3      | Reached XP level 5. HP: 40/40 MP: 12/12
  2398 | D:3      | Found a glowing drain.
  2408 | Sewer    | Entered a sewer
  2594 | Sewer    | Noticed Pargi
  2609 | Sewer    | Killed Pargi
  2610 | Sewer    | Reached XP level 6. HP: 8/47 MP: 14/14
  2922 | D:3      | Reached skill level 5 in Dodging
  3389 | D:4      | Noticed Grinder
  3413 | D:4      | Killed Grinder
  3414 | D:4      | Reached skill level 7 in Unarmed Combat
  3414 | D:4      | Reached XP level 7. HP: 46/52 MP: 15/15
  3676 | D:4      | Reached * piety under Ashenzari
  3854 | D:4      | Found a shimmering blue altar of Sif Muna.
  3860 | D:4      | Found a basalt altar of Yredelemnul.
  3865 | D:4      | Found a burning altar of Makhleb.
  4282 | D:5      | Entered Level 5 of the Dungeon
  4293 | D:5      | Reached XP level 8. HP: 60/60 MP: 16/16
  4984 | D:6      | Learned a level 4 spell: Ice Form
  4988 | D:6      | Learned a level 3 spell: Swiftness
  5039 | D:6      | Reached ** piety under Ashenzari
  5272 | D:6      | Identified the cursed +1 dagger of the Eye in the Sky
                  | {venom, Cun, Comp} (You took it off a kobold in a sewer)
  5331 | D:6      | Reached skill level 5 in Transmutations
  5419 | D:6      | Reached XP level 9. HP: 67/67 MP: 16/18
  5422 | D:6      | Learned a level 2 spell: Ensorcelled Hibernation
  5627 | D:7      | Found a staircase to the Ecumenical Temple.
  5657 | D:7      | Noticed Prince Ribbit
  5670 | D:7      | Killed Prince Ribbit
  5673 | D:7      | Reached skill level 5 in Fighting
  5693 | D:7      | Identified the cursed +0 helmet of the Visionary Shame
                  | {Self, Bglg} (You found it on level 4 of the Dungeon)
  5896 | D:7      | Noticed Menkaure
  5908 | D:7      | Killed Menkaure
  6096 | D:7      | You fall into a shaft and drop 1 floor!
  6096 | D:8      | Identified the +0 spear "Towuokog" {drain, rF+}
  6096 | D:8      | Found a flagged portal.
  6100 | D:8      | Noticed a deep elf pyromancer
  6108 | D:8      | Killed a deep elf pyromancer
  6109 | D:8      | Reached skill level 8 in Unarmed Combat
  6109 | D:8      | Reached skill level 5 in Invocations
  6112 | Bailey   | Entered a bailey
  6193 | Bailey   | Learned a level 2 spell: Passwall
  6255 | Bailey   | Reached skill level 5 in Short Blades
  6255 | Bailey   | Reached skill level 5 in Long Blades
  6255 | Bailey   | Reached skill level 5 in Axes
  6255 | Bailey   | Reached skill level 5 in Maces & Flails
  6255 | Bailey   | Reached skill level 5 in Polearms
  6255 | Bailey   | Reached skill level 5 in Staves
  6255 | Bailey   | Reached skill level 5 in Ranged Weapons
  6255 | Bailey   | Reached skill level 5 in Throwing
  6255 | Bailey   | Reached skill level 5 in Armour
  6255 | Bailey   | Reached skill level 5 in Stealth
  6255 | Bailey   | Reached skill level 5 in Shields
  6255 | Bailey   | Reached skill level 5 in Evocations
  6255 | Bailey   | Reached XP level 10. HP: 69/76 MP: 18/20
  6330 | Bailey   | Noticed a two-headed ogre
  6350 | Bailey   | Killed a two-headed ogre
  6439 | Bailey   | HP: 2/76 [something (5)]
  7732 | D:9      | Found Gefoben's Antique Weapon Emporium.
  7744 | D:9      | Reached *** piety under Ashenzari
  7813 | D:9      | Identified the cursed +1 troll leather armour "Lashed
                  | Scepticism" {Regen+, Pargi, Comp, Bglg} (You found it in a
                  | sewer)
  7926 | D:9      | Found a staircase to the Orcish Mines.
  8045 | D:9      | Reached skill level 9 in Unarmed Combat
  8084 | D:9      | Reached skill level 5 in Conjurations
  8084 | D:9      | Reached skill level 5 in Hexes
  8084 | D:9      | Reached skill level 5 in Summonings
  8084 | D:9      | Reached skill level 5 in Necromancy
  8084 | D:9      | Reached skill level 5 in Translocations
  8084 | D:9      | Reached skill level 5 in Fire Magic
  8084 | D:9      | Reached skill level 5 in Ice Magic
  8084 | D:9      | Reached skill level 5 in Air Magic
  8084 | D:9      | Reached skill level 5 in Earth Magic
  8084 | D:9      | Reached skill level 5 in Poison Magic
  8155 | D:9      | Reached XP level 11. HP: 83/83 MP: 22/22
  8413 | D:9      | Noticed Grum
  8423 | D:9      | Killed Grum
  8430 | D:9      | Reached **** piety under Ashenzari
  8740 | D:9      | Learned a level 4 spell: Iskenderun's Mystic Blast
  8744 | D:9      | Learned a level 3 spell: Teleport Other
  8785 | D:10     | Entered Level 10 of the Dungeon
  8800 | D:10     | Noticed a two-headed ogre
  8892 | D:10     | Killed a two-headed ogre
  9653 | D:11     | Noticed a two-headed ogre
  9663 | D:11     | Killed a two-headed ogre
  9694 | D:11     | Found a staircase to the Lair.
  9764 | D:11     | Killed from afar by an electric eel

Illustrated notes

Levels and vault maps discovered:
D:1:      dpeg_arrival_houses_and_road, layout_loops_ring
D:2:      layout_loops_corners, basic_altar
D:3:      layout_loops_ring, gup_sewer_entry_bubbles
D:4:      layout_basic, minmay_overflow_temple_star_quad, goddamned_bats,
          uniq_grinder
D:5:      layout_cave_pools
D:6:      layout_rooms, grunt_ministairs_13, st_stairs_10
D:7:      layout_basic, minmay_temple_entry_slanted, uniq_prince_ribbit1,
          uniq_menkaure
D:8:      layout_loops_ring, enter_bailey_2, solitary_fountain
D:9:      minmay_recursive_quarters, layout_small_grid, hiddenorc1_lemuel,
          serial_shops, shop_statue, uniq_grum
D:10:     layout_cave_pods
D:11:     nicolae_moon_pools, layout_loops_ring

Skill      XL: |  1  2  3  4  5  6  7  8  9 10 11 |
---------------+----------------------------------+-----
Spellcasting   | 5 6 7 8 |  8.4
Invocations    | 1 2 3 4 5 6 7 |  7.3
Short Blades   | 1 2 3 4 5 6 |  6.6
Long Blades    | 1 2 3 4 5 6 |  6.6
Axes           | 1 2 3 4 5 6 |  6.6
Maces & Flails | 1 2 3 4 5 6 |  6.6
Polearms       | 1 2 3 4 5 6 |  6.6
Staves         | 1 2 3 4 5 6 |  6.6
Ranged Weapons | 1 2 3 4 5 6 |  6.6
Throwing       | 1 2 3 4 5 6 |  6.6
Armour         | 1 2 3 4 5 6 |  6.6
Stealth        | 1 2 3 4 5 6 |  6.6
Shields        | 1 2 3 4 5 6 |  6.6
Evocations     | 1 2 3 4 5 6 |  6.6
Conjurations   | 1 2 3 4 5 |  5.5
Hexes          | 1 2 3 4 5 |  5.5
Summonings     | 1 2 3 4 5 |  5.5
Necromancy     | 1 2 3 4 5 |  5.5
Translocations | 1 2 3 4 5 |  5.5
Fire Magic     | 1 2 3 4 5 |  5.5
Ice Magic      | 1 2 3 4 5 |  5.5
Air Magic      | 1 2 3 4 5 |  5.5
Earth Magic    | 1 2 3 4 5 |  5.5
Poison Magic   | 1 2 3 4 5 |  5.5
Fighting       | 3 4 5 6 7 |  7.2
Transmutations | 4 5 6 |  6.8
Dodging        | 5 6 7 8 |  8.1
Unarmed Combat | 7 8 9 |  9.4

Action                     |  1- 3 |  4- 6 |  7- 9 | 10-12 || total
---------------------------+-------+-------+-------+-------++-------
  Melee: Unarmed           |    82 |    78 |   115 |   130 ||   405
         Headbutt          |     5 |    16 |    24 |    20 ||    65
         Kick              |    13 |    24 |    36 |    34 ||   107
         Punch             |     4 |     2 |    11 |    24 ||    41
         Bite              |     1 |    16 |    28 |    28 ||    73
         Dagger            |       |    58 |   201 |   240 ||   499
   Cast: Beastly Appendage |    19 |    30 |    17 |     7 ||    73
         Spider Form       |       |     1 |    11 |     3 ||    15
         Wereblood         |       |     1 |     7 |     8 ||    16
         Swiftness         |       |       |     1 |       ||     1
         Ice Form          |       |       |     2 |     7 ||     9
         Ensorcelled Hiber |       |       |     1 |     5 ||     6
         Teleport Other    |       |       |       |     3 ||     3
 Invoke: Curse Item        |       |     1 |     3 |     2 ||     6
    Use: Scroll            |     1 |     5 |     1 |     2 ||     9
         Potion            |       |       |     2 |     7 ||     9
   Stab: Sleeping          |     1 |     5 |    10 |     4 ||    20
         Distracted        |       |     1 |       |       ||     1
 Armour: Robe              |     1 |       |       |       ||     1
         Leather armour    |     8 |     6 |       |       ||    14
         Ring mail         |       |    19 |       |       ||    19
         Troll leather arm |       |     4 |    41 |    24 ||    69
         Skin              |       |       |     7 |    26 ||    33
  Dodge: Dodged            |    53 |    87 |   347 |   284 ||   771

Table legend: (Time is in decaauts)
 A = Elapsed time spent in this place.
 B = Non-inter-level travel time spent in this place.
 C = Inter-level travel time spent in this place.
 D = Time resting spent in this place.
 E = Time spent auto-exploring this place.
 F = Levels seen in this place.
 G = Mean time per level.
                   A        B        C        D        E       F      G
               +--------+--------+--------+--------+--------+-----+--------+
         Total |   9604 |   8946 |    658 |      8 |   6964 |  13 |  738.8 |
       Dungeon |   8877 |   8219 |    658 |      8 |   6539 |  11 |  807.0 |
         Sewer |    217 |    217 |      0 |      0 |    147 |   1 |  217.0 |
        Bailey |    509 |    509 |      0 |      0 |    277 |   1 |  509.0 |
               +--------+--------+--------+--------+--------+-----+--------+

Top non-repeatable levels by time:
     D:2: 1206 daAuts
     D:9: 1087 daAuts
     D:3: 1064 daAuts
     D:7: 961 daAuts
     D:4: 908 daAuts
     D:1: 868 daAuts
     D:6: 797 daAuts
    D:10: 776 daAuts
     D:8: 565 daAuts
  Bailey: 509 daAuts
     D:5: 482 daAuts
   Sewer: 217 daAuts
    D:11: 160 daAuts
